 Dungeon Crawl Stone Soup version 0.30.0-18-gc0e69614cb (webtiles) character file.

Game seed: 9982103933137703753

36 NateTC the Magician (level 3, -1/25 HPs)
             Began as a Djinni Fire Elementalist on May 26, 2023.
             Slain by Crazy Yiuf
             ... wielding a +4 quarterstaff of chaos
              (4 damage)
             ... on level 2 of the Dungeon.
             The game lasted 00:02:22 (1686 turns).

NateTC the Magician (Djinni Fire Elementalist)      Turns: 1686, Time: 00:02:23

Health: -1/25      AC:  4    Str:  7    XL:     3   Next: 57%
Gold:   130        EV: 12    Int: 18    God:
                   SH:  0    Dex: 13

rFire   + + .        (no weapon)
rCold   x . .        (no shield)
rNeg    . . .        a - +2 robe
rPois   ∞            (no helmet)
rElec   .            (no cloak)
rCorr   .            (no gloves)
SInv    .            (boots unavailable)
Will    .....        e - amulet of regeneration
Stlth   ++           (no ring)
HPRegen 1.04/turn    (no ring)
MPRegen 0.00/turn

%: infuse magic (-2 HP)
@: flying, very slightly contaminated
A: sickness immunity, fire resistance 2, cold vulnerability 1, float, innate
caster, HP casting, extra vitality 1
a: no special abilities


You were on level 2 of the Dungeon.
You visited 1 branch of the dungeon, and saw 2 of its levels.

You collected 130 gold pieces.

Inventory:

Armour
 a - a +2 robe (worn)
Jewellery
 e - an amulet of regeneration (around neck)
 g - an amulet of the acrobat
Scrolls
 b - a scroll of enchant armour
 c - 2 scrolls of teleportation
 f - a scroll of summoning
 h - a scroll of identify
 i - a scroll of poison {unknown}
Potions
 d - 2 potions of curing {unknown}
 j - a potion of brilliance {unknown}
 k - a potion of berserk rage {unknown}


   Skills:
 - Level 2.1 Dodging
 - Level 1.5 Stealth
 * Level 3.4 Spellcasting


You knew the following spells:

 Your Spells              Type           Power      Damage    Failure   Level
a - Foxfire               Conj/Fire      60%        2x1d7     3%          1
b - Scorch                Fire           30%        2d6       6%          2
c - Volatile Blastmotes   Fire/Tloc      30%        2d12      12%         3
d - Inner Flame           Hex/Fire       15%        N/A       12%         3
e - Flame Wave            Conj/Fire      15%        2d7       36%         4
f - Magic Dart            Conj           60%        1d6       3%          1
Your spell library was empty.

Dungeon Overview and Level Annotations

Branches:
Dungeon (2/15) Zot: 10313

Altars:

Shops:
D:1 :

Annotations:
D:2 Crazy Yiuf


Innate Abilities, Weirdness & Mutations

You are immune to sickness and miasma.
You are immune to poison.
Your flesh is very heat resistant. (rF++)
You are vulnerable to cold. (rC-)
You float through the air rather than walking.
You learn spells naturally, not from books.
Your magical power is your life essence.
You have superior vitality. (+4 MHP)


Message History

Found a stone staircase leading down.
d - 2 glowing black potions (gained 1)
k - a blue potion
There is a stone staircase leading down here.
There is a stone staircase leading down here.
There is a stone staircase leading down here.
Found a hammer.
Found a runed translucent door.
Crazy Yiuf shouts!
Crazy Yiuf says, "You!
Candle leg ragdoll."
Could not explore, unopened runed door.
Could not explore, unopened runed door.
You reach down and open the door.
Casting: Foxfire (safe; 3% risk of failure)
Confirm with . or Enter, or press ? or * to list all spells.
Okay, then.
Casting: Foxfire (safe; 3% risk of failure)
Confirm with . or Enter, or press ? or * to list all spells.
You miscast Scorch.
You are very lightly contaminated with residual magic.
Nothing appears to happen.
Crazy Yiuf hits you with a +4 quarterstaff of chaos.
Casting: Scorch (safe; 6% risk of failure)
Confirm with . or Enter, or press ? or * to list all spells.
Flames lash Crazy Yiuf.
Crazy Yiuf is moderately wounded.
Crazy Yiuf's fire resistance burns away.
Crazy Yiuf laughs, "Scoff disdain foot!"
Crazy Yiuf closely misses you.
Casting: Scorch (safe; 6% risk of failure)
Confirm with . or Enter, or press ? or * to list all spells.
Flames lash Crazy Yiuf.
Crazy Yiuf is burned terribly!
Crazy Yiuf is severely wounded.
Crazy Yiuf barely misses you.
Casting: Scorch (safe; 6% risk of failure)
Confirm with . or Enter, or press ? or * to list all spells.
Flames lash Crazy Yiuf but do no damage.
Crazy Yiuf hits you with a +4 quarterstaff of chaos!
* * * LOW HITPOINT WARNING * * *
Space warps around you.
You die...

..###<#########.#
#........ ##.#.## ###
#..)..### ##..###
####.....# # #....#
##### #.....)#####
##....### #)..#
######## #.
##.......### #...# #.
...........# ... #.
##.......### #g# #.
##....### ♣@♣♣ #.
##...# ♣♣.♣ #.
#..###### ♣.♣♣ #.
##.......# ♣♣.♣ #.
##.######## ♣.♣♣ #.
##.## ##### ♣♣♣..♣ ##
..## ##...# ♣....♣
### #.#### #....# #
#.#..####....########
####


You could see Crazy Yiuf (combustible).

Vanquished Creatures
  2 ball pythons (D:1)
  2 bats
  4 endoplasms
  A giant cockroach (D:1)
  5 goblins
  6 hobgoblins
  4 jackals (D:1)
  A quokka (D:1)
  A frilled lizard (D:1)
  A kobold (D:1)
  2 rats (D:2)
29 creatures vanquished.

Vanquished Creatures (others)
  115 foxfires
115 creatures vanquished.

Grand Total: 144 creatures vanquished

Notes
Turn   | Place    | Note
-------+----------+-------------------------------------------
     0 | D:1      | NateTC the Djinni Fire Elementalist began the quest for the
                  | Orb.
     0 | D:1      | NateTC set off with the following spells memorised:
                  | Foxfire, Scorch, Volatile Blastmotes, Inner Flame, Flame
                  | Wave.
     0 | D:1      | Reached XP level 1. HP: 15/15 MP: 0/0
   161 | D:1      | Reached XP level 2. HP: 20/21 MP: 0/0
   300 | D:1      | Reached skill level 3 in Spellcasting
   426 | D:1      | Reached XP level 3. HP: 25/25 MP: 0/0
   426 | D:1      | Learned a level 1 spell: Magic Dart
   706 | D:1      | Found Enkimn's Book Emporium.
  1678 | D:2      | Found a runed translucent door.
  1679 | D:2      | Noticed Crazy Yiuf
  1686 | D:2      | Slain by Crazy Yiuf

Illustrated notes

Levels and vault maps discovered:
D:1:      kilobyte_arrival_exit_the_forest, layout_basic, serial_shops,
          nicolae_book_shop_shelving
D:2:      layout_loops_ring, uniq_crazy_yiuf_cottage

Skill      XL: |  1  2 |
---------------+-------+-----
Spellcasting   | 3 |  3.4
Dodging        | |  2.1
Stealth        | |  1.5

Action                     || total
---------------------------++-------
  Melee: Unarmed           ||     4
   Cast: Foxfire           ||    79
         Scorch            ||     8
    Use: Scroll            ||     5
 Armour: Robe              ||     4
  Dodge: Dodged            ||     8
